 Dungeon Crawl Stone Soup version 0.31-a0-833-gc15d34cb79 (webtiles) character file.

Game seed: 3739700140454322185

21677 lunkers the Destroyer (level 13, 0/107 HPs)
             Began as a Meteoran Earth Elementalist on Sept 25, 2023.
             Was a Priest of Ashenzari.
             Slain by a catoblepas (13 damage)
             ... while petrified by a catoblepas
             ... on level 2 of the Lair of Beasts.
             The game lasted 00:16:09 (6067 turns).

lunkers the Destroyer (Meteoran Earth Elementalist) Turns: 6067, Time: 00:16:09

Health: 0/107      AC:  8    Str: 18    XL:     13   Next: 53%
Magic:  35/38      EV:  2    Int: 20    God:    Ashenzari [***...]
Gold:   404        SH:  0    Dex: 14    Spells: 20/34 levels left

rFire   . . .        a - +5 short sword of Eternal Harmony {drain, rPois rCorr Dex-5}
rCold   . . .        B - +2 buckler
rNeg    + + +        p - +3 robe "Optimism of Ashenzari" {Dex+4, Cun, Elem} (curse)
rPois   ∞            u - +0 helmet "Ruined Incredulity" {Bglg, Alch} (curse)
rElec   .            m - +1 cloak
rCorr   +            (no gloves)
SInv    +            (no boots)
Will    +....        j - amulet of the Unyielding Gaze {RegenMP, Elem, Fort} (curse)
Stlth   +            e - ring of the Manifest Jealousy {MP+9, Elem, Dev} (curse)
HPRegen 0.37/turn    g - ring of the Visionary Sky {Str+6, Dev, Bglg} (curse)
MPRegen 0.66/turn

%: clarity
@: petrified, glowing
A: sense surroundings 2, otherworldly, glowing, explore regen
a: Renounce Religion, Shatter the Chains


You were on level 2 of the Lair of Beasts.
You worshipped Ashenzari.
Ashenzari was most pleased with you.
You visited 3 branches of the dungeon, and saw 15 of its levels.

You collected 434 gold pieces.
You spent 30 gold pieces at shops.

Inventory:

Hand Weapons
 a - the +5 short sword of Eternal Harmony (weapon) {drain, rPois rCorr Dex-5}
   (You took it off a kobold on level 11 of the Dungeon)

   Dex-5:     It affects your dexterity (-5).
   rPois:     It protects you from poison rCorr: It protects you from acid and
   corrosion.
 z - the +6 long sword of Articulation {freeze, rElec Str+2 Int-5 Stlth+}
   (You found it on level 8 of the Dungeon)

   Str+2:     It affects your strength (+2).
   Int-5:     It affects your intelligence (-5).
   rElec:     It insulates you from electricity.
   Stlth+:    It makes you more stealthy.
Missiles
 E - 4 throwing nets
Armour
 m - a +1 cloak (worn)
 p - the cursed +3 robe "Optimism of Ashenzari" (worn) {Dex+4, Cun, Elem}
   (You found it on level 4 of the Dungeon)

   Dex+4:     It affects your dexterity (+4).
   It has a curse which improves the following skills: Cunning: Dodging and
   Stealth.
   Elements:  Fire Magic, Ice Magic, Air Magic and Earth Magic.
 q - a +0 kite shield
 u - the cursed +0 helmet "Ruined Incredulity" (worn) {Bglg, Alch}
   (You found it on level 7 of the Dungeon)

   It has a curse which improves the following skills: Beguiling: Conjurations,
   Hexes and Translocations.
   Alchemy:   Poison Magic and Transmutations.
 v - a scarf of resistance
 y - a scarf of repulsion
 B - a +2 buckler (worn)
 F - a +1 ring mail of willpower
 G - +0 steam dragon scales
 H - a +0 helmet
Magical Staves
 r - a staff of fire
Jewellery
 e - the cursed ring of the Manifest Jealousy (left hand) {MP+9, Elem, Dev}
   (You found it on level 2 of the Dungeon)

   [ring of magical power]

   MP+9:      It affects your magic capacity (+9).
   It has a curse which improves the following skills: Elements: Fire Magic, Ice
   Magic, Air Magic and Earth Magic.
   Devices:   Evocations and Shapeshifting.
 f - an amulet of guardian spirit
 g - the cursed ring of the Visionary Sky (right hand) {Str+6, Dev, Bglg}
   (You found it on level 3 of the Dungeon)

   [ring of strength]

   Str+6:     It affects your strength (+6).
   It has a curse which improves the following skills: Devices: Evocations and
   Shapeshifting.
   Beguiling: Conjurations, Hexes and Translocations.
 i - a ring of positive energy
 j - the cursed amulet of the Unyielding Gaze (around neck) {RegenMP, Elem, Fort}
   (You found it on level 3 of the Dungeon)

   [amulet of magic regeneration]

   RegenMP:   It increases your rate of magic regeneration.
   It has a curse which improves the following skills: Elements: Fire Magic, Ice
   Magic, Air Magic and Earth Magic.
   Fortitude: Armour and Shields.
Wands
 x - a wand of charming (6)
 I - a wand of roots (3)
 M - a wand of flame (8)
Scrolls
 c - 2 scrolls of enchant weapon
 h - a scroll of brand weapon
 k - 4 scrolls of teleportation
 o - 2 scrolls of enchant armour
 s - 2 scrolls of amnesia
 t - a scroll of blinking
 D - 2 scrolls of revelation
 K - a scroll of fear
 L - a scroll of fog
Potions
 b - a potion of magic
 d - 4 potions of curing
 l - 3 potions of heal wounds
 n - a potion of brilliance
 w - 3 potions of haste
 A - 2 potions of resistance
 C - a potion of attraction
 J - a potion of ambrosia


   Skills:
 + Level 8.0 Fighting
 + Level 8.4(9.9) Dodging
 - Level 1.4(2.4) Stealth
 + Level 11.4 Spellcasting
 * Level 13.9(16.0) Conjurations
 - Level 1.2(2.2) Transmutations
 - Level 13.6(16.4) Earth Magic


You had 20 spell levels left.
You knew the following spells:

 Your Spells              Type           Power      Damage    Failure   Level
a - Stone Arrow           Conj/Erth      100%       3d13      1%          3
b - Passwall              Tmut/Erth      40%        N/A       1%          2
c - Sandblast             Erth           100%       2d20      0%          1
d - Brom's Barrelling Bo  Conj/Erth      66%        2d8       1%          4
e - Flame Wave            Conj/Fire      44%        2d11      2%          4

Your spell library contained the following spells:

 Spells                   Type           Power      Damage    Failure   Level
 Petrify                  Tmut/Erth      48%        N/A       1%          4
 Wereblood                Tmut           20%        N/A       4%          2
 Scorch                   Fire           26%        2d6       10%         2
 Ensorcelled Hibernation  Hex/Ice        24%        N/A       11%         2
 Sublimation of Blood     Necr           11%        N/A       12%         2
 Swiftness                Air            13%        N/A       21%         3
 Summon Cactus Giant      Summ           5%         N/A       100%        6
 Summon Hydra             Summ           5%         N/A       100%        7


Dungeon Overview and Level Annotations

Branches:
Dungeon (12/15) Zot: 1977  Temple (1/1) D:6 Zot: 550    Lair (2/5) D:8 Zot: 292
  Swamp: Lair:2-3    Shoals: Lair:2-3     Snake: Lair:2-3    Spider: Lair:2-3
    Orc: D:9-12

Altars:
Ashenzari
Cheibriados
Dithmenos
Elyvilon
Fedhas
Gozag
Hepliaklqana
Kikubaaqudgha
Makhleb
Nemelex Xobeh
Okawaru
Qazlal
Ru
Sif Muna
Trog
Uskayaw
Vehumet
Wu Jian
Xom
Yredelemnul
Zin
The Shining One

Shops:
D:11 *

Annotations:
D:4 3 runed translucent doors, knightboat's ghost, amateur OpVM
D:5 3 runed translucent doors, croobank's ghost, amateur OpDe
D:7 4 runed translucent doors
Lair:1 2 transporters, Aneuramo's ghost, journeyman OpSh
Lair:2 3 runed translucent doors, ShangFenghuang's ghost, journeyman TrSh


Innate Abilities, Weirdness & Mutations

You passively map the area around you.
You are easily found by Zot.
You glow in the dark.
You regain HP and MP as you explore.


Message History

The catoblepas is severely wounded.
You are engulfed in calcifying dust.
You are slowing down.
The catoblepas gores you!!
* * * LOW HITPOINT WARNING * * *
Your limbs are stiffening.
You are too injured to fight recklessly!
Unknown command.
You are too injured to fight recklessly!
Unknown command.
Casting: Stone Arrow (safe; 1% risk of failure)
Confirm with . or Enter, or press ? or * to list all spells.
Aiming: Stone Arrow (safe; 1% risk of failure)
Press: ? - help, Shift-Dir - straight line, f/p - catoblepas
Aim: a catoblepas (severely wounded, 100% to hit)
The stone arrow hits the catoblepas!
The catoblepas is severely wounded.
The catoblepas breathes a plume of calcifying dust at you.
The blast of calcifying dust hits you.
* * * LOW HITPOINT WARNING * * *
You have turned to stone.
You are engulfed in calcifying dust.
The catoblepas gores you!
* * * LOW HITPOINT WARNING * * *
You are engulfed in calcifying dust.
The catoblepas breathes a plume of calcifying dust at you.
The blast of calcifying dust hits you.
* * * LOW HITPOINT WARNING * * *
You are engulfed in calcifying dust.
The catoblepas gores you!!
* * * LOW HITPOINT WARNING * * *
You are engulfed in calcifying dust.
A nearby fungus withers and dies.
The catoblepas gores you!!
* * * LOW HITPOINT WARNING * * *
You are engulfed in calcifying dust.
The catoblepas gores you!
* * * LOW HITPOINT WARNING * * *
The catoblepas gores you!
* * * LOW HITPOINT WARNING * * *
The catoblepas gores you!
* * * LOW HITPOINT WARNING * * *
The catoblepas gores you!!
You die...

######## ####
####..#.#.#####
##.####.##..........##
........##...........# ,
.......##......>@....#
*, ,,,
.......#.+.......Y..## ,
.........#..........#
.....................#,
, , ,
.......#.#..........+...
, ....................#
.#,
........##.+.).#.#.P# #
, .#P(.+#.###..########
* * ###...### #..## # ,


You could see a catoblepas.

Vanquished Creatures
  Harold (D:10)
  A centaur warrior (D:11)
  A two-headed ogre (D:9)
  A boulder beetle (D:11)
  Nergalle (Lair:2)
  A deep elf archer (D:10)
  An orc knight (D:10)
  A cyclops (D:12)
  A manticore (D:11)
  A black mamba (Lair:2)
  A gargoyle (D:11)
  2 cane toads (Lair:1)
  4 yaktaurs
  A komodo dragon (Lair:1)
  A kobold demonologist (D:11)
  2 polar bears
  A troll (D:10)
  A hornet (D:11)
  3 blink frogs (Lair:2)
  51 yaks
  A vampire (D:10)
  2 wyverns
  A basilisk (Lair:2)
  3 steam dragons
  3 wargs (D:8)
  An acid dragon (D:9)
  7 water moccasins
  An orc warrior (D:11)
  2 sky beasts
  2 ogres
  2 black bears (D:6)
  5 centaurs
  Blork the orc (D:6)
  4 kobold brigands
  A phantom (D:7)
  6 scorpions
  9 bullfrogs
  4 wights (D:8)
  An electric eel (D:11)
  6 howler monkeys
  5 orc priests
  2 hounds (D:6)
  A gnoll bouda (D:6)
  3 jellies
  3 iguanas
  2 sleepcaps (D:7)
  8 orc wizards
  4 gnolls (D:6)
  9 adders
  2 shadow imps
  4 white imps
  A worm (D:3)
  13 orcs
  10 ball pythons
  3 bats (D:1)
  5 endoplasms
  3 giant cockroaches
  7 goblins
  4 hobgoblins
  3 jackals (D:1)
  A quokka (D:4)
  A frilled lizard (D:1)
  15 kobolds
  5 rats
253 creatures vanquished.

Vanquished Creatures (others)
  A yak (D:10)
1 creature vanquished.

Grand Total: 254 creatures vanquished

Notes
Turn   | Place    | Note
-------+----------+-------------------------------------------
     0 | D:1      | lunkers the Meteoran Earth Elementalist began the quest for
                  | the Orb.
     0 | D:1      | Reached XP level 1. HP: 14/14 MP: 5/5
   141 | D:1      | Reached XP level 2. HP: 20/20 MP: 2/6
   292 | D:1      | Reached XP level 3. HP: 26/26 MP: 5/8
   486 | D:1      | Glimpsed the power of Zot.
   744 | D:2      | Reached XP level 4. HP: 33/33 MP: 7/10
   918 | D:3      | Reached skill level 5 in Earth Magic
  1030 | D:3      | Found a stormy altar of Qazlal.
  1163 | D:3      | Reached XP level 5. HP: 38/38 MP: 11/11
  1498 | D:4      | Found a runed translucent gate.
  1501 | D:4      | Noticed an ogre
  1505 | D:4      | Killed an ogre
  1506 | D:4      | Reached XP level 6. HP: 45/45 MP: 13/13
  1509 | D:4      | Found a runed translucent gate.
  1510 | D:4      | Found a runed translucent gate.
  1511 | D:4      | Noticed knightboat's ghost (amateur OpVM)
  1645 | D:4      | Reached skill level 5 in Spellcasting
  1645 | D:4      | Identified the +3 robe of the New World {Dex+4}
  1816 | D:5      | Entered Level 5 of the Dungeon
  1816 | D:5      | Noticed an ogre
  1818 | D:5      | Killed an ogre
  1819 | D:5      | Reached XP level 7. HP: 50/50 MP: 15/15
  1851 | D:5      | Learned a level 2 spell: Passwall
  1855 | D:5      | Learned a level 3 spell: Stone Arrow
  1868 | D:5      | Reached skill level 1 in Conjurations
  1918 | D:5      | Found a runed translucent gate.
  1935 | D:5      | Reached XP level 8. HP: 57/57 MP: 17/17
  2040 | D:5      | Found a runed translucent gate.
  2040 | D:5      | Noticed croobank's ghost (amateur OpDe)
  2041 | D:5      | Found a runed translucent gate.
  2515 | D:6      | Found a staircase to the Ecumenical Temple.
  2527 | Temple   | Entered the Ecumenical Temple
  2537 | Temple   | Became a worshipper of Ashenzari the Shackled
  2609 | D:6      | Gained mutation: You passively map the area around you.
                  | [Meteoran growth]
  2609 | D:6      | Reached XP level 9. HP: 62/62 MP: 19/19
  2613 | D:6      | Reached skill level 5 in Conjurations
  2752 | D:6      | Noticed Blork the orc
  2755 | D:6      | Killed Blork the orc
  2949 | D:7      | Reached skill level 10 in Earth Magic
  3003 | D:7      | Found a large runed translucent door.
  3003 | D:7      | Found a large runed translucent door.
  3009 | D:7      | Noticed a gargoyle
  3118 | D:7      | Found a large runed translucent door.
  3119 | D:7      | Found a large runed translucent door.
  3133 | D:7      | Learned a level 4 spell: Brom's Barrelling Boulder
  3139 | D:7      | Found a shimmering altar of Xom.
  3285 | D:7      | Reached skill level 1 in Fighting
  3496 | D:8      | Reached XP level 10. HP: 37/71 MP: 22/22
  3507 | D:8      | Found a staircase to the Lair.
  3507 | D:8      | Identified the +6 long sword of Articulation {freeze, rElec
                  | Str+2 Int-5 Stlth+}
  3536 | D:8      | Reached * piety under Ashenzari
  3797 | D:9      | Found an iron altar of Okawaru.
  3958 | D:9      | Reached ** piety under Ashenzari
  4289 | D:9      | Noticed a two-headed ogre
  4293 | D:9      | Killed a two-headed ogre
  4318 | D:10     | Entered Level 10 of the Dungeon
  4328 | D:10     | Reached XP level 11. HP: 70/83 MP: 24/24
  4342 | D:10     | Noticed Harold
  4355 | D:10     | Killed Harold
  4356 | D:10     | Reached skill level 5 in Dodging
  4462 | D:10     | Reached skill level 10 in Conjurations
  4501 | D:10     | Noticed a deep elf archer
  4513 | D:10     | Killed a deep elf archer
  4538 | D:10     | Noticed an orc knight
  4544 | D:10     | Killed an orc knight
  4545 | D:10     | Reached skill level 5 in Fighting
  4701 | D:11     | Noticed a centaur warrior
  4804 | D:11     | Reached XP level 12. HP: 68/94 MP: 22/26
  4855 | D:11     | Killed a centaur warrior
  4902 | D:11     | Learned a level 4 spell: Flame Wave
  4926 | D:11     | Noticed a boulder beetle
  4936 | D:11     | Killed a boulder beetle
  4984 | D:11     | Reached skill level 10 in Spellcasting
  5006 | D:11     | Identified the +5 short sword of Eternal Harmony {drain,
                  | rPois rCorr Dex-5}
  5069 | D:11     | Found Vaedef's Assorted Antiques.
  5073 | D:11     | Bought a scroll labelled IPNIRCH QOUL for 30 gold pieces
  5189 | Lair:1   | Entered Level 1 of the Lair of Beasts
  5380 | Lair:1   | Found a transporter.
  5381 | Lair:1   | Found a bloodstained altar of Trog.
  5381 | Lair:1   | Noticed Aneuramo's ghost (journeyman OpSh)
  5382 | Lair:1   | Noticed a spriggan rider
  5412 | Lair:1   | Found a transporter.
  5479 | Lair:1   | Reached XP level 13. HP: 46/104 MP: 27/28
  5665 | Lair:2   | Reached *** piety under Ashenzari
  5795 | Lair:2   | Found a runed translucent gate.
  5796 | Lair:2   | Found a runed translucent gate.
  5796 | Lair:2   | Found a runed translucent gate.
  5796 | Lair:2   | Noticed ShangFenghuang's ghost (journeyman TrSh)
  5995 | Lair:2   | Noticed Nergalle
  6004 | Lair:2   | Killed Nergalle
  6053 | Lair:2   | Noticed a catoblepas
  6067 | Lair:2   | Slain by a catoblepas

Illustrated notes

Levels and vault maps discovered:
D:1:      nicolae_arrival_somewhat_less_tricky_arrival, layout_loops_ring
D:2:      layout_loops_ring, dreamdust_ecumenical_altar_sealed_demon
D:3:      layout_loops_corners, mainiacjoe_overflow_six_doors_small,
          nrook_mini_vaults
D:4:      layout_basic, ebering_ghost_rock_garden
D:5:      layout_cave_pods, gammafunk_ghost_necromancy, minmay_holes
D:6:      layout_loops_cross, minmay_temple_entry_antechambers,
          uniq_blork_the_orc
D:7:      layout_basic, xom_teletrap_fun, st_stairs_4,
          chequers_serial_rivers_room_b, minmay_hollow_rounded_squares
D:8:      layout_basic, erik_lair_orcish_takeover, nicolae_shop_dragon_depot
D:9:      layout_irregular_city, hellmonk_okawaru_the_only_friend_you_need,
          grunt_decor_resistance
D:10:     layout_basic, minmay_three_doors, uniq_harold
D:11:     layout_roguey, serial_shops, nicolae_shop_just_a_little_nook,
          lightli_minifort, uniq_fannar
D:12:     layout_roguey, orc_0_dummy, uniq_snorg
Temple:   nicolae_temple_bog_church
Lair:1:   layout_layer_cave, gammafunk_ghost_wrathful_warriors,
          lemuel_fruit_fields
Lair:2:   layout_roguey, hellmonk_spider_entry_not_the_bees,
          gammafunk_ghost_ooze, basic_altar, uniq_nergalle

Skill      XL: |  1  2  3  4  5  6  7  8  9 10 11 12 13 |
---------------+----------------------------------------+-----
Earth Magic    | 4 5 6 7 8 9 10 11 13 | 13.6
Spellcasting   | 3 4 5 6 7 8 9 10 11 | 11.4
Conjurations   | 2 4 7 9 10 12 13 | 13.9
Fighting       | 1 3 5 6 8 |  8.0
Dodging        | 4 6 7 8 |  8.4
Stealth        | |  1.4
Transmutations | |  1.2

Action                     |  1- 3 |  4- 6 |  7- 9 | 10-12 | 13-15 || total
---------------------------+-------+-------+-------+-------+-------++-------
  Melee: Short sword       |       |       |       |     1 |     6 ||     7
   Cast: Sandblast         |    37 |    50 |    44 |    39 |    39 ||   209
         Stone Arrow       |       |       |    63 |   205 |    72 ||   340
 Invoke: Curse Item        |       |       |     1 |     3 |     1 ||     5
  Evoke: Wand              |       |       |       |     1 |       ||     1
    Use: Scroll            |       |       |     8 |       |       ||     8
         Potion            |       |       |       |     1 |       ||     1
 Armour: Robe              |    10 |     8 |    30 |    92 |    50 ||   190
  Dodge: Dodged            |     7 |     6 |    23 |    69 |    71 ||   176
  Block: Buckler           |       |       |       |    29 |    16 ||    45

Table legend: (Time is in decaauts)
 A = Elapsed time spent in this place.
 B = Non-inter-level travel time spent in this place.
 C = Inter-level travel time spent in this place.
 D = Time resting spent in this place.
 E = Time spent auto-exploring this place.
 F = Levels seen in this place.
 G = Mean time per level.
                   A        B        C        D        E       F      G
               +--------+--------+--------+--------+--------+-----+--------+
         Total |   6179 |   5783 |    396 |      4 |   3845 |  15 |  411.9 |
       Dungeon |   5222 |   4838 |    384 |      4 |   3585 |  12 |  435.2 |
        Temple |     49 |     40 |      9 |      0 |      0 |   1 |   49.0 |
          Lair |    906 |    904 |      2 |      0 |    260 |   2 |  453.0 |
               +--------+--------+--------+--------+--------+-----+--------+

Top non-repeatable levels by time:
     D:9: 590 daAuts
     D:3: 565 daAuts
     D:6: 550 daAuts
     D:5: 542 daAuts
     D:1: 535 daAuts
  Lair:1: 509 daAuts
    D:10: 493 daAuts
     D:8: 480 daAuts
  Lair:2: 397 daAuts
     D:4: 388 daAuts
     D:2: 367 daAuts
     D:7: 367 daAuts
    D:11: 335 daAuts
  Temple: 49 daAuts
    D:12: 5 daAuts
